 Dungeon Crawl Stone Soup version 0.29-a0-251-g80730f7218 (webtiles) character file.

Game seed: 16141671945253068304

782 pokeman the Thaumaturge (level 7, 0/38 HPs)
             Began as a Deep Elf Hedge Wizard on Mar 5, 2022.
             Slain by an orc
             ... wielding a +0 short sword
              (4 damage)
             ... on level 4 of the Dungeon.
             The game lasted 00:12:55 (4159 turns).

pokeman the Thaumaturge (Deep Elf Hedge Wizard)     Turns: 4159, Time: 00:12:56

Health: 0/38       AC:  5    Str:  7    XL:     7   Next: 55%
Magic:  10/20      EV: 12    Int: 21    God:
Gold:   93         SH:  0    Dex: 14    Spells: 11/22 levels left

rFire   . . .      SeeInvis .   a - +1 whip (elec)
rCold   . . .      Faith    .   (no shield)
rNeg    . . .      Spirit   .   d - +0 leather armour
rPois   .          Reflect  .   c - +0 hat
rElec   .          Harm     .   o - +0 cloak
rCorr   .          Rampage  .   (no gloves)
Will    .....                   m - +0 pair of boots
Stlth   ++........              (no amulet)
HPRegen 0.12/turn               (no ring)
MPRegen 0.17/turn               (no ring)

@: no status effects
A: no striking features
a: no special abilities


You were on level 4 of the Dungeon.
You visited 1 branch of the dungeon, and saw 4 of its levels.

You collected 93 gold pieces.

Inventory:

Hand Weapons
 a - a +1 whip of electrocution (weapon)
 n - a +4 quarterstaff of chaos
Armour
 c - a +0 hat (worn)
 d - a +0 leather armour (worn)
 m - a +0 pair of boots (worn)
 o - a +0 cloak (worn)
 p - an orb of energy
Scrolls
 b - a scroll of blinking {unknown}
 e - 2 scrolls of fog {unknown}
 f - a scroll of torment {unknown}
 h - 3 scrolls of identify {unknown}
 i - a scroll of enchant weapon {unknown}
 j - a scroll of amnesia {unknown}
 k - a scroll of noise {unknown}
 r - 4 scrolls of teleportation {unknown}
 s - a scroll of brand weapon {unknown}
Potions
 g - 2 potions of curing {unknown}
 l - 2 potions of mutation {unknown}
 q - a potion of magic {unknown}
 t - a potion of berserk rage {unknown}


   Skills:
 + Level 1.5 Fighting
 - Level 1.0 Armour
 - Level 3.3 Dodging
 - Level 3.0 Stealth
 * Level 8.3 Spellcasting
 + Level 4.1 Conjurations
 - Level 1.1 Summonings
 - Level 1.1 Translocations
 + Level 2.5 Fire Magic
 - Level 1.0 Air Magic
 - Level 1.3 Poison Magic
 - Level 1.5 Evocations


You had 11 spell levels left.
You knew the following spells:

 Your Spells              Type           Power      Damage    Failure   Level
a - Magic Dart            Conj           100%       1d8       1%          1
b - Mephitic Cloud        Conj/Pois/Air  17%        N/A       14%         3
c - Call Imp              Summ           13%        N/A       11%         2
d - Blink                 Tloc           26%        N/A       11%         2
e - Conjure Flame         Conj/Fire      22%        6-21      9%          3

Your spell library contained the following spells:

 Spells                   Type           Power      Damage    Failure   Level
 Slow                     Hex            32%        N/A       11%         1


Dungeon Overview and Level Annotations

Branches:
Dungeon (4/15)
 Temple: D:4-7

Altars:
Gozag

Annotations:
D:3 siradein's ghost, amateur MfSu
D:4 Dowan; Duvessa


Message History

2 orcs come into view.
You see here a +0 hand axe.
Duvessa seems less confused.
An orc comes into view. It is wielding a +1 whip of freezing.
Duvessa hits you but does no damage.
You hit Duvessa.
Duvessa is almost dead.
The quokka bites you. Duvessa hits you with a +0 rapier.
The quokka bites you but does no damage.
Found a scroll labelled SOESIUTEUK.
An orc comes into view. It is wielding a +0 short sword.
Duvessa hits you with a +0 rapier!
* * * LOW HITPOINT WARNING * * *
Casting: Mephitic Cloud (quite dangerous; 14% risk of failure)
Confirm with . or Enter, or press ? or * to list all spells.
You miscast Blink.
You are very lightly contaminated with residual magic.
Nothing appears to happen.
The quokka bites you but does no damage.
Duvessa barely misses you. The orc hits you with a +0 club.
* * * LOW HITPOINT WARNING * * *
Casting: Blink (safe; 11% risk of failure)
Confirm with . or Enter, or press ? or * to list all spells.
You blink.
An orc comes into view. It is wielding a +0 dagger.
The orc hits you but does no damage. The orc barely misses you.
The orc closely misses you.
Dowan gestures wildly while chanting.
Dowan blinks!
The orc closely misses you.
You feel stable enough to blink again.
Your magical contamination has completely faded away.
You open the door. The orc hits you with a +0 short sword.
* * * LOW HITPOINT WARNING * * *
There is an open door here.
Casting: Blink (safe; 11% risk of failure)
Confirm with . or Enter, or press ? or * to list all spells.
A beastly little devil appears in a puff of frigid air.
The orc hits you with a +0 short sword.
You die...

+ . .#. ### .#
+##+##+##'##+.##.#
#....5#.....#..#.#
#.....#.....#....#
#@##+##'###....#
#o##...........##.
#.r.oo...........?
####eo........##.#
##..........#[#
#.o......#.#..
#..............
#..............
#..............


You could see an orc (ally target), a quokka and a friendly white imp
(summoned).

Vanquished Creatures
  Grinder (D:3)
  Sigmund (D:2)
  2 ogres (D:3)
  A scorpion (D:4)
  Crazy Yiuf (D:2)
  An adder (D:3)
  7 gnolls (D:2)
  3 dart slugs
  2 orcs
  11 ball pythons
  8 endoplasms
  A giant cockroach (D:1)
  5 goblins
  4 hobgoblins
  8 jackals
  4 quokkas
  3 bats
  3 frilled lizards
  3 kobolds
  6 rats
75 creatures vanquished.

Vanquished Creatures (collateral kills)
  An adder (D:3)
1 creature vanquished.

Grand Total: 76 creatures vanquished

Notes
Turn   | Place    | Note
-------+----------+-------------------------------------------
     0 | D:1      | pokeman the Deep Elf Hedge Wizard began the quest for the
                  | Orb.
     0 | D:1      | Reached XP level 1. HP: 10/10 MP: 7/7
   299 | D:1      | Reached XP level 2. HP: 15/16 MP: 3/9
   797 | D:1      | Reached skill level 5 in Spellcasting
   956 | D:1      | Reached XP level 3. HP: 20/20 MP: 7/11
   960 | D:1      | Learned a level 3 spell: Mephitic Cloud
   965 | D:1      | Learned a level 2 spell: Call Imp
   968 | D:1      | Learned a level 2 spell: Blink
   972 | D:1      | Learned a level 3 spell: Conjure Flame
  1566 | D:2      | Reached skill level 1 in Fighting
  1705 | D:2      | Reached skill level 1 in Armour
  1910 | D:2      | Found an opulent altar of Gozag.
  1923 | D:2      | Noticed Sigmund
  1955 | D:2      | Killed Sigmund
  1956 | D:2      | Reached skill level 6 in Spellcasting
  1956 | D:2      | Reached skill level 1 in Fire Magic
  1956 | D:2      | Reached XP level 4. HP: 17/25 MP: 1/14
  1956 | D:2      | Reached XP level 5. HP: 20/29 MP: 1/15
  2338 | D:2      | Reached XP level 6. HP: 34/34 MP: 7/17
  2546 | D:2      | Found a runed translucent door.
  2547 | D:2      | Noticed Crazy Yiuf
  2559 | D:2      | Killed Crazy Yiuf
  2793 | D:3      | Noticed siradein's ghost (amateur MfSu)
  2793 | D:3      | Found a transporter.
  2834 | D:3      | Found a faded altar of an unknown god.
  2868 | D:3      | Noticed Grinder
  3136 | D:3      | Reached skill level 7 in Spellcasting
  3136 | D:3      | Reached skill level 1 in Air Magic
  3663 | D:3      | Paralysed by Grinder for 7 turns
  3677 | D:3      | Killed Grinder
  3678 | D:3      | Reached skill level 1 in Poison Magic
  3678 | D:3      | Reached skill level 1 in Evocations
  3678 | D:3      | Reached XP level 7. HP: 21/38 MP: 13/20
  3868 | D:3      | Found a transporter.
  3939 | D:3      | Reached skill level 8 in Spellcasting
  4126 | D:4      | Noticed Duvessa
  4131 | D:4      | Noticed Dowan
  4159 | D:4      | Slain by an orc

Illustrated notes

Levels and vault maps discovered:
D:1:      dpeg_arrival_solitude, layout_loops_ring, minmay_misc_feat_hallway
D:2:      layout_rooms, basic_altar, uniq_crazy_yiuf_cottage, uniq_sigmund
D:3:      layout_rooms, gammafunk_ghost_smash,
          nicolae_ecumenical_snake_handling, chequers_hall_statues_y,
          uniq_grinder
D:4:      layout_rooms, nicolae_wu_jian_glorious_leap,
          mainiacjoe_overflow_alcove_2, mainiacjoe_overflow_24_doors,
          minmay_unequal, uniq_duvessa

Skill      XL: |  1  2  3  4  5  6  7 |
---------------+----------------------+-----
Spellcasting   | 5 6 7 8 |  8.3
Fighting       | 1 |  1.5
Armour         | 1 |  1.0
Conjurations   | 2 3 4 |  4.1
Dodging        | 3 |  3.3
Fire Magic     | 1 2 |  2.5
Stealth        | 3 |  3.0
Air Magic      | 1 |  1.0
Poison Magic   | 1 |  1.3
Evocations     | 1 |  1.5
Summonings     | |  1.1
Translocations | |  1.1

Action                   |  1- 3 |  4- 6 |  7- 9 || total
-------------------------+-------+-------+-------++-------
Melee: Dagger            |    22 |    10 |       ||    32
       Whip              |       |    10 |    19 ||    29
       Quarterstaff      |       |     2 |       ||     2
 Cast: Magic Dart        |   101 |    54 |     4 ||   159
       Conjure Flame     |     2 |     6 |     3 ||    11
       Mephitic Cloud    |     1 |     6 |     6 ||    13
       Call Imp          |       |     4 |     3 ||     7
       Blink             |       |     1 |     2 ||     3
 Stab: Confused          |     1 |     1 |     4 ||     6
Armor: Leather armour    |    13 |     2 |    14 ||    29
Dodge: Dodged            |    22 |     9 |    27 ||    58

Table legend: (Time is in decaauts)
 A = Elapsed time spent in this place.
 B = Non-inter-level travel time spent in this place.
 C = Inter-level travel time spent in this place.
 D = Time resting spent in this place.
 E = Time spent auto-exploring this place.
 F = Levels seen in this place.
 G = Mean time per level.
                   A        B        C        D        E       F      G
               +--------+--------+--------+--------+--------+-----+--------+
         Total |   4162 |   3967 |    195 |    476 |   2711 |   4 | 1040.5 |
       Dungeon |   4162 |   3967 |    195 |    476 |   2711 |   4 | 1040.5 |
               +--------+--------+--------+--------+--------+-----+--------+

Top non-repeatable levels by time:
     D:1: 1629 daAuts
     D:2: 1308 daAuts
     D:3: 1092 daAuts
     D:4: 132 daAuts
